 Dungeon Crawl Stone Soup version 0.23.0 (webtiles) character file.

Game seed: 1900640592288059909

8379 Terandir the Cleaver (level 11, -9/95 HPs)
             Began as a Minotaur Fighter on Feb 14, 2019.
             Was a High Priest of Cheibriados.
             Mangled by a death yak (17 damage)
             ... on level 10 of the Dungeon.
             The game lasted 00:16:17 (7279 turns).

Terandir the Cleaver (Minotaur Fighter)             Turns: 7279, Time: 00:16:18

Health: -9/95      AC: 16    Str: 31    XL:     11   Next: 9%
Magic:  22/22      EV: 12    Int: 16    God:    Cheibriados [*****.]
Gold:   101        SH: 14    Dex: 25    Spells: 10/10 levels left

rFire    . . .     SeeInvis .   a - +2 war axe
rCold    . . .     Gourm    .   c - +0 shield
rNeg     . . .     Faith    .   H - +1 plate armour {rPois}
rPois    +         Spirit   .   (helmet restricted)
rElec    .         Reflect  .   x - +0 cloak
rCorr    .         Harm     .   (no gloves)
MR       .....                  (no boots)
Stlth    ..........             p - amulet of regeneration
HPRegen  0.65/turn              v - ring of magical power
MPRegen  0.18/turn              (no ring)

@: very slow
A: retaliatory headbutt, horns 2
a: Bend Time, Temporal Distortion, Slouch, Step From Time, Renounce Religion


You were on level 10 of the Dungeon.
You worshipped Cheibriados.
Cheibriados was extremely pleased with you.
You were hungry.

You visited 1 branch of the dungeon, and saw 10 of its levels.

You collected 682 gold pieces.
You spent 581 gold pieces at shops.

Inventory:

Hand Weapons
 a - a +2 war axe (weapon)
Armour
 b - a +0 scale mail
 c - a +0 shield (worn)
 n - a +0 chain mail
 x - a +0 cloak (worn)
 H - a +1 plate armour of poison resistance (worn)
Jewellery
 p - an amulet of regeneration (around neck)
 s - an uncursed ring of ice
 v - a ring of magical power (left hand)
 E - an uncursed amulet of guardian spirit
Wands
 j - a wand of digging (4)
 l - a wand of enslavement (10)
 u - a wand of flame (14)
 w - a wand of iceblast (19)
 C - a wand of scattershot (3)
 G - a wand of disintegration (12)
 I - a wand of acid (5)
Scrolls
 h - a scroll of noise
 i - 3 scrolls of random uselessness
 m - 2 scrolls of fear
 o - 5 scrolls of remove curse
 q - 3 scrolls of enchant armour
 t - 3 scrolls of amnesia
 y - a scroll of magic mapping
 z - 3 scrolls of immolation
 B - 4 scrolls of blinking
 F - 3 scrolls of teleportation {unknown}
 J - a scroll of silence
 K - a scroll of fog
 L - a scroll of vulnerability
Potions
 d - a potion of might
 g - 2 potions of degeneration
 k - 5 potions of curing
 r - a potion of ambrosia
 A - a potion of resistance
 D - a potion of brilliance
Comestibles
 f - 16 rations


   Skills:
 * Level 8.5 Fighting
 * Level 12.7 Axes
 * Level 8.8 Armour
 * Level 5.9 Dodging
 * Level 8.9 Shields
 * Level 4.2 Invocations


You had 10 spell levels left.
You didn't know any spells.
Your spell library contained the following spells:

 Spells                   Type           Power        Failure   Level  Hunger
 Pain                     Necr           #...         99%         1    ##.....


Dungeon Overview and Level Annotations

Branches:
Dungeon (10/15)            Temple (0/1) D:6            Lair (0/6) D:10
    Orc: D:9-12

Altars:
Cheibriados
Elyvilon
Gozag
Kikubaaqudgha
Makhleb
Okawaru
Sif Muna
Vehumet
Xom
Zin
The Shining One

Shops:
D:6 [   D:8 ::(=


Innate Abilities, Weirdness & Mutations

You reflexively headbutt those who attack you in melee.
You have a pair of horns on your head.


Message History

The death yak is heavily wounded.
You hit the death yak but do no damage. You hit the death yak.
The death yak gores you!
* * * LOW HITPOINT WARNING * * *
The death yak gores you.
* * * LOW HITPOINT WARNING * * *
You block the death yak's attack.
You hit the death yak but do no damage. You headbutt the death yak!!
The death yak is severely wounded.
You hit the death yak but do no damage. You hit the death yak.
You block the death yak's attack. The death yak gores you.
* * * LOW HITPOINT WARNING * * *
The death yak barely misses you. You furiously retaliate!
You headbutt the death yak, but do no damage.
You completely miss the death yak.
You headbutt the death yak, but do no damage.
The death yak is severely wounded.
You slash the death yak! You hit the death yak.
You block the death yak's attack. The death yak gores you!
You die...

.?........................
..........................
...>......<...............
../.......................
...(......................
?......................
...............†......
...........Y...../...(
$...######Y@####..### ...
#...Y# ..# #..... .#
#...... # .........
##......... ##.........
#....>.....


You could see 3 death yaks.

Vanquished Creatures
  An ugly thing (D:8)
  A centaur skeleton (D:10)
  4 trolls (D:10)
  2 hippogriffs
  3 hogs (D:9)
  A human (D:9)
  10 yaks
  A hungry ghost (D:9)
  3 porcupines (D:10)
  2 orc warriors
  2 ice beasts
  2 black bears
  2 phantoms (D:5)
  2 sky beasts (D:9)
  A necrophage (D:7)
  3 ogres
  2 centaurs
  A big kobold (D:7)
  3 bullfrogs
  5 scorpions
  8 wights
  3 howler monkeys
  2 crimson imps (D:5)
  A jelly (D:9)
  A quasit (D:9)
  2 gnoll shamans
  6 orc priests
  5 iguanas
  A bullfrog skeleton (D:5)
  2 hounds
  12 orc wizards
  Jessica (D:3)
  Ijyb (D:3)
  6 worker ants
  A killer bee zombie (D:5)
  A hound skeleton (D:3)
  Robin (D:3)
  2 worker ant zombies (D:5)
  8 adders
  20 gnolls
  A shadow imp (D:9)
  An ooze (D:1)
  2 adder zombies
  5 adder skeletons
  3 worms
  2 dart slugs (D:1)
  6 leopard geckos
  50 orcs
  5 giant cockroaches
  16 goblins
  14 hobgoblins
  10 jackals
  3 quokkas
  9 bats
  A frilled lizard (D:1)
  A jackal skeleton (D:4)
  15 kobolds
  A leopard gecko skeleton (D:4)
  2 quokka zombies (D:9)
  7 rats
  A plant (D:2)
290 creatures vanquished.

Vanquished Creatures (others)
  An orc wizard (D:5)
1 creature vanquished.

Grand Total: 291 creatures vanquished

Notes
Turn   | Place    | Note
-------+----------+-------------------------------------------
     0 | D:1      | Terandir the Minotaur Fighter began the quest for the Orb.
     0 | D:1      | Reached XP level 1. HP: 19/19 MP: 0/0
    45 | D:1      | Reached XP level 2. HP: 24/27 MP: 1/1
   323 | D:1      | Reached XP level 3. HP: 31/33 MP: 2/2
   357 | D:1      | Reached skill level 3 in Axes
   600 | D:2      | Found a white marble altar of Elyvilon.
   626 | D:2      | Found a burning altar of Makhleb.
   626 | D:2      | Found a shimmering altar of Xom.
   671 | D:2      | Found an opulent altar of Gozag.
   685 | D:2      | Reached skill level 1 in Dodging
   689 | D:2      | Reached XP level 4. HP: 31/40 MP: 3/3
  1483 | D:3      | Noticed Jessica
  1487 | D:3      | Killed Jessica
  1487 | D:3      | Reached skill level 4 in Axes
  1487 | D:3      | Reached XP level 5. HP: 40/47 MP: 4/4
  1499 | D:3      | Noticed Ijyb
  1518 | D:3      | Killed Ijyb
  1858 | D:3      | Found a faded altar of an unknown god.
  1887 | D:3      | Reached XP level 6. HP: 53/53 MP: 5/5
  1901 | D:3      | Noticed Robin
  1908 | D:3      | Reached skill level 5 in Axes
  1914 | D:3      | Killed Robin
  2111 | D:4      | Reached skill level 5 in Shields
  2130 | D:4      | Reached skill level 5 in Armour
  2367 | D:4      | Reached XP level 7. HP: 59/60 MP: 6/6
  2373 | D:4      | Reached skill level 6 in Axes
  2388 | D:4      | Reached skill level 5 in Fighting
  3056 | D:5      | Entered Level 5 of the Dungeon
  3105 | D:5      | Reached skill level 7 in Axes
  3118 | D:5      | Reached XP level 8. HP: 41/69 MP: 7/7
  3337 | D:5      | Found an ancient bone altar of Kikubaaqudgha.
  3337 | D:5      | Found a deep blue altar of Sif Muna.
  3339 | D:5      | Found a radiant altar of Vehumet.
  3341 | D:5      | Identified Kikubaaqudgha's Almanac of Sinister Rituals
  3418 | D:5      | Reached skill level 8 in Axes
  3911 | D:6      | Found a snail-covered altar of Cheibriados.
  3917 | D:6      | Became a worshipper of Cheibriados the Contemplative
  4175 | D:6      | Found Zuodonwu's Armour Boutique.
  4234 | D:6      | Found a staircase to the Ecumenical Temple.
  4495 | D:6      | Reached skill level 1 in Invocations
  4628 | D:6      | Found a glowing silver altar of Zin.
  4797 | D:7      | Reached skill level 9 in Axes
  4799 | D:7      | Reached * piety under Cheibriados
  5025 | D:7      | Reached XP level 9. HP: 70/74 MP: 9/9
  5383 | D:8      | Reached ** piety under Cheibriados
  5421 | D:8      | Found Atiakk's Book Boutique.
  5577 | D:8      | Found Doqer's Jewellery Boutique.
  5793 | D:8      | Noticed a white ugly thing
  5802 | D:8      | Killed a white ugly thing
  5802 | D:8      | Reached skill level 10 in Axes
  5934 | D:8      | Found Vyhau's Book Shoppe.
  5959 | D:8      | Found Tuizaist's Weapon Shoppe.
  6180 | D:8      | Found Atifoaw's Magic Scroll Boutique.
  6188 | D:8      | Bought a scroll of silence for 105 gold pieces
  6188 | D:8      | Bought a scroll of enchant armour for 105 gold pieces
  6188 | D:8      | Bought a scroll of fog for 28 gold pieces
  6188 | D:8      | Bought a scroll of enchant weapon for 105 gold pieces
  6188 | D:8      | Bought a scroll of blinking for 105 gold pieces
  6188 | D:8      | Bought a scroll of vulnerability for 105 gold pieces
  6188 | D:8      | Bought a scroll of identify for 28 gold pieces
  6557 | D:9      | Reached *** piety under Cheibriados
  6564 | D:9      | Reached skill level 11 in Axes
  6564 | D:9      | Reached XP level 10. HP: 57/85 MP: 11/11
  6569 | D:9      | Reached skill level 5 in Dodging
  6752 | D:9      | Found an iron altar of Okawaru.
  6783 | D:9      | Found a glowing golden altar of the Shining One.
  7047 | D:10     | Entered Level 10 of the Dungeon
  7052 | D:10     | Reached **** piety under Cheibriados
  7068 | D:10     | Reached skill level 12 in Axes
  7080 | D:10     | HP: 2/89 [orc/+3 dagger of electrocution (17)]
  7236 | D:10     | Reached ***** piety under Cheibriados
  7244 | D:10     | Reached XP level 11. HP: 60/95 MP: 13/13
  7267 | D:10     | Noticed a death yak
  7269 | D:10     | Noticed a death yak
  7269 | D:10     | Noticed a death yak
  7275 | D:10     | Found a staircase to the Lair.
  7279 | D:10     | Mangled by a death yak

Skill      XL: |  1  2  3  4  5  6  7  8  9 10 |
---------------+-------------------------------+-----
Fighting       | 4 5 6 7 8 |  8.5
Armour         | 4 5 6 7 8 |  8.8
Shields        | 4 5 6 7 8 |  8.9
Axes           | 3 4 5 7 9 11 12 | 12.7
Dodging        | 1 2 3 4 5 |  5.9
Invocations    | 1 2 4 |  4.2

Action                   |  1- 3 |  4- 6 |  7- 9 | 10-12 || total
-------------------------+-------+-------+-------+-------++-------
Melee: War axe           |    62 |   169 |   300 |   124 ||   655
       Headbutt          |    11 |    28 |    78 |    43 ||   160
Evoke: Wand              |       |       |     1 |       ||     1
  Use: Scroll            |       |       |    17 |       ||    17
       Potion            |       |       |       |     1 ||     1
  Eat: Chunk             |       |     4 |    13 |     1 ||    18
Armor: Scale mail        |    22 |    36 |       |       ||    58
       Chain mail        |       |    54 |   105 |       ||   159
       Plate armour      |       |       |    53 |   117 ||   170
Dodge: Dodged            |    29 |    57 |    93 |    78 ||   257
Block: Shield            |    33 |    97 |   164 |   143 ||   437
